 Dungeon Crawl Stone Soup version 0.30-a0-476-g330ca2eb8e (webtiles) character file.

Game seed: 11858695666992914678

54 bande the Covered (level 3, -2/24 HPs)
             Began as a Gargoyle Fighter on Dec 22, 2022.
             Slain by Sigmund
             ... wielding a +0 scythe
              (4 damage)
             ... on level 3 of the Dungeon.
             The game lasted 00:02:12 (1386 turns).

bande the Covered (Gargoyle Fighter)                Turns: 1386, Time: 00:02:12

Health: -2/24      AC: 11    Str: 19    XL:     3   Next: 91%
Magic:  3/3        EV:  9    Int:  8    God:
Gold:   56         SH:  4    Dex: 11    Spells: 2/2 levels left

rFire   . . .      SeeInvis .    a - +0 war axe
rCold   . . .      Faith    .    c - +0 buckler
rNeg    + . .      Spirit   .    b - +0 scale mail
rPois   ∞          Reflect  .    (no helmet)
rElec   +          Harm     .    (no cloak)
rCorr   .          Rampage  .    (no gloves)
Will    .....                    g - +0 pair of boots
Stlth   ..........               (no amulet)
HPRegen 0.24/turn                (no ring)
MPRegen 0.08/turn                (no ring)

@: mighty
A: sickness immunity, AC +3, negative energy resistance 1, electricity
resistance, torment resistance 1, petrification resistance
a: no special abilities


You were on level 3 of the Dungeon.
You visited 1 branch of the dungeon, and saw 3 of its levels.

You collected 56 gold pieces.

Inventory:

Hand Weapons
 a - a +0 war axe (weapon)
Armour
 b - a +0 scale mail (worn)
 c - a +0 buckler (worn)
 g - a +0 pair of boots (worn)
Scrolls
 f - 2 scrolls of identify
 h - a scroll of fog
Potions
 e - 2 potions of magic


   Skills:
 + Level 3.7 Fighting
 + Level 2.4 Axes
 + Level 3.9 Armour
 - Level 0.1 Dodging
 + Level 3.6 Shields


You had 2 spell levels left.
You didn't know any spells.
Your spell library was empty.

Dungeon Overview and Level Annotations

Branches:
Dungeon (3/15)

Altars:
Elyvilon

Shops:
D:1 (

Annotations:
D:3 Sigmund


Innate Abilities, Weirdness & Mutations

You are immune to sickness and miasma.
Your stone body is resilient. (AC +3)
You are immune to poison.
You resist negative energy. (rN+)
You are resistant to electric shocks. (rElec)
You are resistant to unholy torment.
You are immune to petrification.


Message History

The kobold hits you with a +0 short sword.
The adder bites you but does no damage.
Unknown command.
Unknown command.
The kobold attacks as you move away!
The kobold hits you with a +0 short sword.
You enter a dispersal trap!
The adder blinks!
The kobold blinks!
The adder blinks!
The kobold blinks!
You blink.
The adder enters a dispersal trap!
You blink.
The adder blinks!
You hear some strange, mumbled words.
Something tries to affect you, but you resist.
Unknown command.
You feel less confused. You block something's attack.
The adder bites you but does no damage. Something hits you.
The adder barely misses you.
You hit the adder.
The adder is severely wounded.
You closely miss something. The adder bites you but does no damage.
Something hits you but does no damage. The adder barely misses you.
You miss the adder.
The adder is severely wounded.
You closely miss something. The adder bites you but does no damage.
Something hits you!
* * * LOW HITPOINT WARNING * * *
The adder bites you but does no damage.
You barely miss the adder.
The adder is severely wounded.
You slash something! The adder bites you but does no damage.
Something hits you.
* * * LOW HITPOINT WARNING * * *
The adder bites you but does no damage.
Unknown command.
You closely miss the adder.
The adder is severely wounded.
You miss something. The adder bites you but does no damage.
You block something's attack. The adder bites you but does no damage.
You feel very mighty all of a sudden. The adder bites you but does no damage.
Something hits you.
You die...

.. +......#
...#......##
...#.......#
.......#.#
#.....#.#
#....†#.#
#.^K..#.#
#.{S..#.#
###.#..@....#
....#.......#
............#
............#####
#####......>.....
#.#........#
#.#........#
#.#........# . #
#........#


You could see an adder and a kobold.

Vanquished Creatures
  An adder (D:2)
  4 dart slugs
  6 ball pythons
  4 bats
  2 endoplasms (D:1)
  3 giant cockroaches (D:1)
  2 goblins
  3 hobgoblins
  3 kobolds
  3 quokkas
  A frilled lizard (D:1)
  3 rats
35 creatures vanquished.

Notes
Turn   | Place    | Note
-------+----------+-------------------------------------------
     0 | D:1      | bande the Gargoyle Fighter began the quest for the Orb.
     0 | D:1      | Reached XP level 1. HP: 14/14 MP: 1/1
    70 | D:1      | Reached XP level 2. HP: 18/19 MP: 2/2
   450 | D:1      | Found Gotoest's Antique Weapon Shop.
   585 | D:2      | Reached XP level 3. HP: 23/23 MP: 3/3
   663 | D:2      | Found a white marble altar of Elyvilon.
  1360 | D:3      | Noticed Sigmund
  1384 | D:3      | HP: 1/24 [something (5)]
  1386 | D:3      | Slain by Sigmund

Illustrated notes

Levels and vault maps discovered:
D:1:      matt_arrival_refuge, layout_basic, serial_shops,
          nicolae_shop_behind_doors
D:2:      layout_basic, basic_altar
D:3:      layout_basic, serial_shops, nicolae_shop_advertising_works
          [nicolae_subvault_shop_adworks],
          hellmonk_ecumenical_altar_prayer_group, uniq_sigmund, uniq_grinder

Skill      XL: |  1  2 |
---------------+-------+-----
Axes           | 2 |  2.4
Fighting       | |  3.7
Armour         | |  3.9
Dodging        | |  0.1
Shields        | |  3.6

Action                   || total
-------------------------++-------
Melee: War axe           ||   106
  Use: Scroll            ||     4
       Potion            ||     1
Armor: Scale mail        ||    60
Dodge: Dodged            ||    65
Block: Buckler           ||    15

Table legend: (Time is in decaauts)
 A = Elapsed time spent in this place.
 B = Non-inter-level travel time spent in this place.
 C = Inter-level travel time spent in this place.
 D = Time resting spent in this place.
 E = Time spent auto-exploring this place.
 F = Levels seen in this place.
 G = Mean time per level.
                   A        B        C        D        E       F      G
               +--------+--------+--------+--------+--------+-----+--------+
         Total |   1431 |   1431 |      0 |      0 |   1108 |   3 |  477.0 |
       Dungeon |   1431 |   1431 |      0 |      0 |   1108 |   3 |  477.0 |
               +--------+--------+--------+--------+--------+-----+--------+

Top non-repeatable levels by time:
     D:2: 812 daAuts
     D:1: 549 daAuts
     D:3: 69 daAuts
